 Dungeon Sprint DCSS version 0.23.1 (webtiles) character file.

Game seed: 7534123077914437789

4840 dhn the Severer (level 10, -16/102 HPs)
             Began as a Minotaur Fighter on Mar 16, 2019.
             Demolished by a reaper
             ... wielding a +2 scythe of venom
             ... summoned by a mummy priest's death curse
              (32 damage)
             ... in the Dungeon (Sprint V: "Ziggurat Sprint").
             The game lasted 00:07:03 (904 turns).

dhn the Severer (Minotaur Fighter)                   Turns: 904, Time: 00:07:04

Health: -16/102    AC: 30    Str: 26    XL:     10   Next: 25%
Magic:  11/12      EV:  8    Int:  5    God:
Gold:   0          SH: 24    Dex: 20    Spells: 9/9 levels left

rFire    . . .     SeeInvis .   N - +5 broad axe (flame)
rCold    . . .     Gourm    .   H - +3 large shield
rNeg     . . .     Faith    .   Q - +15 Maxwell's patent armour {-Cast -Tele rElec MR+ rCorr}
rPois    .         Spirit   .   (helmet restricted)
rElec    +         Reflect  .   (no cloak)
rCorr    +         Harm     .   (no gloves)
MR       +....     NoTele   +   (no boots) Stlth ..........NoCast +
                                (no amulet)
HPRegen  0.27/turn              D - +6 ring of strength
MPRegen  0.13/turn              A - +6 ring of dexterity

@: studying 2 skills
A: retaliatory headbutt, horns 2
a: no special abilities


You were in the Dungeon.
You were not hungry.

You visited 1 branch

Inventory:

Hand Weapons
 c - the +5 long sword of Brutal Revenge {distort, +Blink rPois Int-4 Dex+6}
   (You found it in the Dungeon)

   It warps and distorts space around it.
   Unwielding it can cause banishment or high damage.
   It affects your intelligence (-4).
   It affects your dexterity (+6).
   It protects you from poison.
   It lets you blink.
 N - a +5 broad axe of flaming (weapon)
 O - a +5 executioner's axe
 P - a +5 demon trident
 S - the cursed +14 obsidian axe {chop, +Fly SInv *Curse}
   (You found it in the Dungeon)

   It inflicts extra damage upon your enemies.
   It lets you see invisible.
   It lets you fly.
   It curses itself when equipped.
   It has a curse placed upon it.
 X - the +8 hand crossbow of the Little People {velocity, rC+ Int-4 Stlth+}
   (You found it in the Dungeon)

   Any bolt fired from it inflicts extra damage.
   It affects your intelligence (-4).
   It protects you from cold.
   It makes you more stealthy.
Armour
 G - a +3 buckler
 H - a +3 large shield (worn)
 I - a +3 shield
 J - a +5 crystal plate armour
 K - +5 gold dragon scales
 L - a +5 plate armour
 M - +5 storm dragon scales
 Q - the +15 Maxwell's patent armour (worn) {-Cast -Tele rElec MR+ rCorr}
   (You found it in the Dungeon)

   It insulates you from electricity.
   It affects your resistance to hostile enchantments.
   It prevents spellcasting.
   It prevents most forms of teleportation.
   It provides partial protection from all sources of acid and corrosion.
 R - the +18 shield of the Gong {rElec rN+ MR+ EV-5}
   (You found it in the Dungeon)

   It affects your evasion (-5).
   It insulates you from electricity.
   It protects you from negative energy.
   It affects your resistance to hostile enchantments.
 V - the +1 chain mail of Nuesch {rN+ MR- Regen+ Slay+5}
   (You found it in the Dungeon)

   It affects your accuracy and damage with ranged weapons and melee attacks
   (+5).
   It protects you from negative energy.
   It affects your resistance to hostile enchantments.
   It increases your rate of regeneration.
 W - a +0 crystal plate armour
Jewellery
 z - a +6 ring of dexterity
 A - a +6 ring of dexterity (right hand)
 B - a +6 ring of intelligence
 C - a +6 ring of intelligence
 D - a +6 ring of strength (left hand)
 E - a +6 ring of strength
 Z - the ring "Buytuluz" {Str+4 Slay+3 SInv}
   (You found it in the Dungeon)

   [ring of strength]

   It affects your strength (+4).
   It affects your accuracy and damage with ranged weapons and melee attacks
   (+3).
   It lets you see invisible.
Wands
 w - a wand of disintegration (7)
 x - a wand of iceblast (7)
 y - a wand of acid (7)
Scrolls
 k - 4 scrolls of blinking
 q - 4 scrolls of amnesia
 r - 7 scrolls of fog
 s - a scroll of holy word
 t - 5 scrolls of identify
 u - 5 scrolls of remove curse
 v - 2 scrolls of fear
Potions
 d - 7 potions of might
 e - 10 potions of curing
 g - 6 potions of heal wounds
 h - 6 potions of haste
 i - 7 potions of magic
 j - 3 potions of berserk rage
 l - 2 potions of brilliance
 m - 2 potions of invisibility
 n - 4 potions of resistance
 o - a potion of experience
 p - 5 potions of agility
Books
 b - a manual of Stealth
 T - a manual of Dodging
Miscellaneous
 F - a lightning rod (4/4)
 U - a lamp of fire
 Y - a fan of gales
Comestibles
 f - 9 rations


   Skills:
 + Level 13.6 Fighting
 + Level 16.0 Axes
 + Level 12.2 Armour
 + Level 3.9 Dodging
 + Level 14.4 Shields
 + Level 4.2 Evocations


You had 9 spell levels left.
You didn't know any spells.
Your spell library contained the following spells:

 Spells                   Type           Power        Failure   Level  Hunger
 Apportation              Tloc           #.....       100%        1    ##.....
 Summon Butterflies       Summ           #.......     100%        1    ##.....
 Corpse Rot               Necr           N/A          100%        2    ###....
 Sublimation of Blood     Necr           #.........   100%        2    ###....
 Gell's Gravitas          Tloc           #.........   100%        3    ####...
 Lesser Beckoning         Tloc           #.........   100%        3    ####...
 Portal Projectile        Hex/Tloc       #.....       100%        3    ####...
 Tukima's Dance           Hex            #.......     100%        3    ####...
 Force Lance              Conj/Tloc      #.......     100%        4    #####..
 Ice Form                 Ice/Tmut       #.......     100%        4    #####..
 Agony                    Necr           #.......     100%        5    ######.
 Alistair's Intoxication  Tmut/Pois      #.......     100%        5    ######.
 Bolt of Draining         Conj/Necr      #.........   100%        5    ######.
 Dispel Undead            Necr           #.......     100%        5    ######.
 Excruciating Wounds      Chrm/Necr      #.........   100%        5    ######.
 Metabolic Englaciation   Hex/Ice        #.........   100%        5    ######.
 Bolt of Cold             Conj/Ice       #.........   100%        6    #######
 Dispersal                Tloc           #.........   100%        6    #######
 Freezing Cloud           Conj/Ice/Air   #.........   100%        6    #######
 Invisibility             Hex            #.......     100%        6    #######
 Ozocubu's Refrigeration  Ice            #.........   100%        6    #######
 Simulacrum               Ice/Necr       #.........   100%        6    #######
 Controlled Blink         Tloc           N/A          100%        8    #######
 Disjunction              Tloc           #.........   100%        8    #######


Dungeon Overview and Level Annotations

Branches:
Dungeon (1/1)

Altars:
Ashenzari
Cheibriados
Dithmenos
Elyvilon
Fedhas
Gozag
Hepliaklqana
Kikubaaqudgha
Makhleb
Nemelex Xobeh
Okawaru
Qazlal
Ru
Sif Muna
Trog
Uskayaw
Vehumet
Wu Jian
Xom
Yredelemnul
Zin
The Shining One
Beogh
Jiyva
Lugonu

Annotations:
D 1 transporter


Innate Abilities, Weirdness & Mutations

You reflexively headbutt those who attack you in melee.
You have a pair of horns on your head.


Message History

You closely miss the jiangshi. You block the jiangshi's attack. x2
The mummy priest calls on the powers of darkness!
Your body is wracked with pain!
* * * LOW HITPOINT WARNING * * *
The jiangshi claws you but does no damage. x2
You block the red devil's attack.
You slash the mummy priest! You burn the mummy priest.
You headbutt the mummy priest.
You destroy the mummy priest!
The red devil disappears in a puff of smoke!
The jiangshi disappears in a puff of smoke!
The spectral adder disappears in a puff of smoke!
The neqoxec disappears in a puff of smoke!
Your Axes skill increases to level 16!
Your Shields skill increases to level 14!
Your Evocations skill increases to level 4!
You feel extremely nervous for a moment...
Death has come for you...
The reaper hits you with a +2 scythe of venom!!
You die...

▓▓▓▓▓▓▓▓▓▓▓▓▓▓▓▓▓▓
▓...8©8...▓..8©8..
▓..=.:"}..▓....)..
▓....=[...▓..)|=..
▓.........▓.......
▓.........▓.......
▓.........▓.......
▓§2§......▓......)
▓@▓§....▓.▓.▓...▓)
▓§.§.©....▓...©)..
▓▓▓▓▓▓▓▓▓▓▓▓▓▓▓▓▓▓


You could see a reaper.

Vanquished Creatures
  A mummy priest (D)
  A cyclops (D)
  A naga mage (D)
  3 guardian mummies (D)
  4 hippogriffs (D)
  A flying skull (D)
  A spriggan (D)
  2 golden eyes (D)
  2 nagas (D)
  2 hell hounds (D)
  A porcupine (D)
  A water moccasin (D)
  2 floating eyes (D)
  2 wolves (D)
  A centaur (D)
  A quasit (D)
  6 jellies (D)
  An iron imp (D)
  An iguana (D)
  2 mummies (D)
  2 adders (D)
  2 river rats (D)
  A shadow imp (D)
  2 white imps (D)
  An ooze (D)
  A jackal zombie (D)
45 creatures vanquished.

Vanquished Creatures (others)
  A spatial maelstrom (D)
1 creature vanquished.

Grand Total: 46 creatures vanquished

Notes
Turn   | Place    | Note
-------+----------+-------------------------------------------
     0 | D        | Found the +6 Majin-Bo {vamp, Archmagi MP+6 Int+6}
     0 | D        | Found the +7 great mace "Firestarter" {inner flame, rF++}
     0 | D        | dhn the Minotaur Fighter began the quest for the Orb.
     0 | D        | Reached XP level 1. HP: 19/19 MP: 0/0
     0 | D        | Found a blossoming altar of Fedhas.
     2 | D        | Found a deep blue altar of Sif Muna.
     2 | D        | Found a bloodstained altar of Trog.
     2 | D        | Found a sacrificial altar of Ru.
     2 | D        | Found a stormy altar of Qazlal.
     2 | D        | Found an iron altar of Okawaru.
     3 | D        | Found a sparkling altar of Nemelex Xobeh.
     5 | D        | Found a transporter.
     5 | D        | Found an ancient bone altar of Kikubaaqudgha.
     5 | D        | Found a viscous altar of Jiyva.
     5 | D        | Found a corrupted altar of Lugonu.
     5 | D        | Found a hazy altar of Hepliaklqana.
     5 | D        | Found a burning altar of Makhleb.
     5 | D        | Found an opulent altar of Gozag.
    11 | D        | Banished a spatial maelstrom
    59 | D        | Found the +9 heavy crossbow "Sniper" {velocity, Acc+∞ SInv}
    59 | D        | Found the +10 dark maul {crush}
    59 | D        | Found the +15 Maxwell's patent armour {-Cast -Tele rElec
                  | MR+ rCorr}
    59 | D        | Found the +18 shield of the Gong {rElec rN+ MR+ EV-5}
    59 | D        | Found the cursed +14 obsidian axe {chop, +Fly SInv *Curse}
    61 | D        | Found the +6 shillelagh "Devastator" {shatter}
    61 | D        | Found the +11 plutonium sword {*Contam Stlth-}
    61 | D        | Found the +8 lance "Wyrmbane" {slay drac, rPois rF+ rC+
                  | AC+3}
    61 | D        | Found the +9 sword of Zonguldrok {reap}
    61 | D        | Found the cursed +13 scythe of Curses {drain, *Curse}
    61 | D        | Found the +0 sword of Power
    61 | D        | Found the +7 mace of Variability {chain chaos}
    61 | D        | Found the +7 Singing Sword {slice, sonic wave}
    61 | D        | Found the +7 longbow "Piercer" {penet, EV-2}
   105 | D        | Entered arena 2.
   105 | D        | Noticed an iron imp
   105 | D        | Found a transporter.
   107 | D        | Killed an iron imp
   107 | D        | Reached skill level 5 in Fighting
   107 | D        | Reached skill level 3 in Axes
   107 | D        | Reached skill level 5 in Armour
   107 | D        | Reached skill level 5 in Shields
   107 | D        | Reached XP level 2. HP: 29/29 MP: 1/1
   110 | D        | Reached XP level 3. HP: 33/36 MP: 2/2
   121 | D        | Entered arena 3.
   121 | D        | Noticed a wolf
   121 | D        | Noticed a wolf
   121 | D        | Noticed a spriggan
   121 | D        | Found a transporter.
   123 | D        | Killed a spriggan
   123 | D        | Reached skill level 5 in Axes
   123 | D        | Reached XP level 4. HP: 46/48 MP: 3/3
   123 | D        | Reached XP level 5. HP: 51/53 MP: 4/4
   127 | D        | Killed a wolf
   127 | D        | Killed a wolf
   127 | D        | Reached skill level 6 in Axes
   127 | D        | Reached XP level 6. HP: 62/63 MP: 5/5
   140 | D        | Entered arena 4.
   140 | D        | Noticed a porcupine
   140 | D        | Found a transporter.
   146 | D        | Killed a porcupine
   146 | D        | Reached skill level 10 in Fighting
   146 | D        | Reached skill level 7 in Axes
   149 | D        | Reached skill level 10 in Armour
   158 | D        | Got the +5 long sword of Brutal Revenge {distort, +Blink
                  | rPois Int-4 Dex+6}
   183 | D        | Entered arena 5.
   183 | D        | Noticed a golden eye
   183 | D        | Noticed a floating eye
   183 | D        | Found a transporter.
   185 | D        | Paralysed by a floating eye for 4 turns
   191 | D        | Paralysed by a floating eye for 2 turns
   195 | D        | Paralysed by a floating eye for 2 turns
   201 | D        | Killed a floating eye
   201 | D        | Reached skill level 8 in Axes
   201 | D        | Reached skill level 10 in Shields
   201 | D        | Reached XP level 7. HP: 72/73 MP: 6/6
   286 | D        | Killed a golden eye
   286 | D        | Reached skill level 9 in Axes
   345 | D        | Got the +1 chain mail of Nuesch {rN+ MR- Regen+ Slay+5}
   348 | D        | Entered arena 6.
   348 | D        | Found a transporter.
   354 | D        | Reached skill level 10 in Axes
   355 | D        | Reached XP level 8. HP: 82/82 MP: 7/7
   378 | D        | Entered arena 7.
   378 | D        | Noticed a hippogriff
   378 | D        | Noticed a hippogriff
   378 | D        | Noticed a hippogriff
   378 | D        | Noticed a cyclops
   378 | D        | Noticed a hippogriff
   386 | D        | Killed a hippogriff
   386 | D        | Reached skill level 1 in Evocations
   389 | D        | Killed a hippogriff
   389 | D        | Reached skill level 11 in Axes
   389 | D        | Killed a hippogriff
   389 | D        | Reached skill level 1 in Dodging
   393 | D        | Killed a hippogriff
   393 | D        | Reached skill level 12 in Axes
   396 | D        | Found a transporter.
   399 | D        | Killed a cyclops
   399 | D        | Reached skill level 13 in Axes
   399 | D        | Reached XP level 9. HP: 53/91 MP: 9/9
   557 | D        | Got the +8 hand crossbow of the Little People {velocity,
                  | rC+ Int-4 Stlth+}
   567 | D        | Entered arena 8.
   567 | D        | Noticed a naga mage
   578 | D        | Found a transporter.
   585 | D        | Killed a naga mage
   585 | D        | Reached skill level 14 in Axes
   790 | D        | Entered arena 9.
   795 | D        | Paralysed by a floating eye for 4 turns
   806 | D        | Found a transporter.
   850 | D        | Got the ring "Buytuluz" {Str+4 Slay+3 SInv}
   872 | D        | Entered arena 10.
   872 | D        | Noticed a mummy priest
   872 | D        | Noticed a guardian mummy
   872 | D        | Noticed a guardian mummy
   872 | D        | Noticed a guardian mummy
   873 | D        | Found the macabre finger necklace {rN+}
   873 | D        | Found a transporter.
   874 | D        | Noticed a jiangshi
   881 | D        | Killed a guardian mummy
   883 | D        | Killed a guardian mummy
   883 | D        | Reached skill level 15 in Axes
   892 | D        | Killed a guardian mummy
   892 | D        | Reached XP level 10. HP: 31/101 MP: 11/11
   892 | D        | HP: 3/101 [something (28)]
   899 | D        | Noticed a jiangshi
   903 | D        | Killed a mummy priest
   903 | D        | Reached skill level 16 in Axes
   903 | D        | Noticed a reaper
   904 | D        | Demolished by a reaper

Skill      XL: |  1  2  3  4  5  6  7  8  9 10 |
---------------+-------------------------------+-----
Fighting       | 5 8 9 10 11 12 13 | 13.6
Axes           | 3 5 6 8 10 13 15 16 | 16.0
Armour         | 5 8 9 10 11 12 | 12.2
Shields        | 5 7 9 10 11 12 13 14 | 14.4
Evocations     | 1 3 4 |  4.2
Dodging        | 2 3 |  3.9

Action                   |  1- 3 |  4- 6 |  7- 9 | 10-12 || total
-------------------------+-------+-------+-------+-------++-------
Melee: Broad axe         |     4 |    15 |    67 |     8 ||    94
       Headbutt          |     2 |     4 |    25 |     2 ||    33
Evoke: Lightning rod     |     1 |     1 |     2 |       ||     4
       Lamp of fire      |       |       |     4 |       ||     4
  Use: Potion            |       |       |     1 |     3 ||     4
       Scroll            |       |       |     1 |       ||     1
Armor: Plate armour      |     1 |    28 |    63 |     3 ||    95
Dodge: Dodged            |       |     2 |    16 |     1 ||    19
Block: Large shield      |       |    21 |    77 |     8 ||   106
